 Dungeon Sprint DCSS version 0.31-a0-1522-g43313d8a59 (webtiles) character file.

Game seed: 12340124149618579682

1613 fozzywoppz the Basher (level 8, -8/60 HPs)
             Began as a Gargoyle Fighter on Dec 30, 2023.
             Was a Follower of Okawaru.
             Mangled by a polar bear (16 damage)
             ... in the Dungeon (Sprint II: "The Violet Keep of Menkaure").
             The game lasted 00:03:46 (416 turns).

fozzywoppz the Basher (Gargoyle Fighter)             Turns: 416, Time: 00:03:46

Health: -8/60      AC: 12    Str: 20    XL:     8   Next: 95%
Magic:  11/11      EV: 11    Int: 15    God:    Okawaru [*.....]
Gold:   729        SH:  5    Dex: 11    Spells: 7/7 levels left

rFire   . . .        a - +0 flail
rCold   . . .        c - +0 buckler
rNeg    + . .        b - +0 scale mail
rPois   ∞            (no helmet)
rElec   +            (no cloak)
rCorr   .            (no gloves)
SInv    .            (no boots)
Will    .....        (no amulet) Stlth
                     d - +6 ring of intelligence
HPRegen 0.30/turn    (no ring)
MPRegen 0.12/turn

%: no teleportation
@: no status effects
A: sickness immunity, AC +5, negative energy resistance 1, electricity
resistance, torment resistance 1, petrification resistance
a: Renounce Religion, Heroism


You were in the Dungeon.
You worshipped Okawaru.
Okawaru was aware of your devotion.
You visited 1 branch You collected 729 gold pieces.

Inventory:

Hand Weapons
 a - a +0 flail (weapon)
Armour
 b - a +0 scale mail (worn)
 c - a +0 buckler (worn)
Jewellery
 d - a +6 ring of intelligence (left hand)
Potions
 h - 2 potions of magic


   Skills:
 + Level 11.7 Fighting
 - Level 14.0 Maces & Flails
 - Level 5.0 Armour
 + Level 4.5 Dodging
 - Level 5.0 Shields
 + Level 5.2 Invocations


You had 7 spell levels left.
You didn't know any spells.
Your spell library was empty.

Dungeon Overview and Level Annotations

Branches:
Dungeon (1/1)

Altars:
Cheibriados
Dithmenos
Elyvilon
Fedhas
Gozag
Hepliaklqana
Kikubaaqudgha
Makhleb
Nemelex Xobeh
Okawaru
Qazlal
Ru
Sif Muna
Trog
Uskayaw
Vehumet
Wu Jian
Xom
Yredelemnul
Zin
The Shining One
Jiyva
Lugonu

Shops:
D :(=![![[!*:?

Annotations:
D exclusions: oklob plant and orange crystal statue


Innate Abilities, Weirdness & Mutations

You are immune to sickness and miasma.
Your stone body is resilient. (AC +5)
You are immune to poison.
You resist negative energy. (rN+)
You are resistant to electric shocks. (rElec)
You are resistant to unholy torment.
You are immune to petrification.


Message History

The polar bear claws you but does no damage.
You block the polar bear's attack.
Blink to where?
Press: ? - help, Dir - move target
As you read the scroll of blinking, it crumbles to dust.
You open the door.
An iron elemental comes into view.
Found 104 gold pieces.
You close the door.
The polar bear fails to trigger a net trap.
The polar bear fails to trigger a net trap.
You thump the polar bear!
The polar bear is moderately wounded.
You block the polar bear's attack. The polar bear completely misses you.
The polar bear barely misses you.
You hit the polar bear but do no damage.
The polar bear is moderately wounded.
The polar bear misses you. The polar bear claws you.
The polar bear claws you but does no damage.
You thump the polar bear!
The polar bear is heavily wounded.
You closely miss the polar bear.
The polar bear is heavily wounded.
You block the polar bear's attack.
The polar bear claws you but does no damage.
The polar bear claws you.
You sock the polar bear!
The polar bear is almost dead.
The polar bear goes berserk!
You sock the polar bear!
The polar bear is almost dead.
The polar bear bites you!
* * * LOW HITPOINT WARNING * * *
The polar bear claws you but does no damage.
The polar bear misses you.
Unknown command.
You barely miss the polar bear.
The polar bear is almost dead.
The polar bear bites you!
You die...

§§§ 8§§ ##++# ≈≈ #≈...### §≈
≈.^...# #+++ #....# ... ...
+^...# ~.##+## #@# ~##.#.##.####
+h### #..#..# ...# #h..#
###...####..#####.^# .#▓[)[$$[[?▓
.###÷###.##..#$E+..# .#▓[)$:$$?$▓
..##.##.#.#..#$$#..# .#▓$?)[?(!!▓
##'.<.†###'..####^.##.#▓)![?:$!)
..##.##.#.#....###...##▓▓▓▓▓▓▓+▓▓
.###+###.##......~~~~~~~~~~~~~..


You could see 2 polar bears.

Vanquished Creatures
  A yaktaur (D)
  A polar bear (D)
  A hornet (D)
  2 wyverns (D)
  A vampire mosquito (D)
  Menkaure (D)
  4 necrophages (D)
  4 scorpions (D)
15 creatures vanquished.

Vanquished Creatures (others)
  A crocodile (D)
1 creature vanquished.

Grand Total: 16 creatures vanquished

Notes
Turn   | Place    | Note
-------+----------+-------------------------------------------
     0 | D        | fozzywoppz the Gargoyle Fighter began the quest for the
                  | Orb.
     0 | D        | Reached XP level 1. HP: 14/14 MP: 1/1
     1 | D        | Noticed a scorpion
     1 | D        | Noticed a scorpion
     1 | D        | Noticed a scorpion
     1 | D        | Noticed a scorpion
     4 | D        | Noticed a necrophage
     4 | D        | Noticed a necrophage
     4 | D        | Noticed a necrophage
     4 | D        | Noticed a necrophage
    21 | D        | Killed a necrophage
    22 | D        | Reached skill level 5 in Fighting
    22 | D        | Reached skill level 4 in Maces & Flails
    22 | D        | Reached skill level 5 in Armour
    22 | D        | Reached skill level 5 in Shields
    22 | D        | Reached XP level 2. HP: 12/22 MP: 2/2
    22 | D        | Reached XP level 3. HP: 15/27 MP: 3/3
    22 | D        | Reached XP level 4. HP: 18/32 MP: 4/4
    26 | D        | Killed a necrophage
    27 | D        | Reached skill level 6 in Maces & Flails
    27 | D        | Reached XP level 5. HP: 22/38 MP: 5/5
    35 | D        | Reached skill level 7 in Maces & Flails
    39 | D        | Reached skill level 8 in Maces & Flails
    39 | D        | Reached XP level 6. HP: 22/46 MP: 6/6
    55 | D        | Reached skill level 10 in Fighting
    55 | D        | Reached skill level 9 in Maces & Flails
    62 | D        | Reached skill level 10 in Maces & Flails
    64 | D        | Reached skill level 11 in Maces & Flails
    64 | D        | Reached XP level 7. HP: 26/52 MP: 7/7
   170 | D        | Noticed an orange crystal statue
   182 | D        | Found Kyth's Magic Scroll Shop.
   182 | D        | Found Sotofal's Book Boutique.
   182 | D        | Found Gep Qoox's Antique Armour Shop.
   182 | D        | Found Fiewnybae's Distillery.
   182 | D        | Found Xuaquufe's Distillery.
   182 | D        | Found Onwezoapi's Antique Armour Boutique.
   182 | D        | Found Geazula's Antique Armour Shop.
   183 | D        | Found Biulaetta's Distillery.
   184 | D        | Found Bymaca's Jewellery Shop.
   184 | D        | Found Hutiotu's Antique Weapon Boutique.
   185 | D        | Found Uguseoni's General Store.
   186 | D        | Found Keebutsy's Book Shop.
   186 | D        | Noticed Menkaure
   186 | D        | Noticed an oklob plant
   197 | D        | Noticed a boulder beetle
   197 | D        | Noticed a boulder beetle
   200 | D        | Noticed a wyvern
   200 | D        | Noticed a wyvern
   207 | D        | Killed a wyvern
   208 | D        | Reached skill level 12 in Maces & Flails
   213 | D        | Killed a wyvern
   214 | D        | Reached skill level 13 in Maces & Flails
   219 | D        | Killed Menkaure
   220 | D        | Reached XP level 8. HP: 57/57 MP: 8/8
   293 | D        | Reached skill level 14 in Maces & Flails
   293 | D        | Reached skill level 1 in Dodging
   313 | D        | Found a glowing golden altar of the Shining One.
   313 | D        | Found an ornate altar of the Wu Jian Council.
   313 | D        | Found a stormy altar of Qazlal.
   314 | D        | Found a shimmering altar of Xom.
   314 | D        | Found a sacrificial altar of Ru.
   315 | D        | Found a basalt altar of Yredelemnul.
   315 | D        | Found a shimmering blue altar of Sif Muna.
   316 | D        | Found a glowing silver altar of Zin.
   316 | D        | Found a bloodstained altar of Trog.
   316 | D        | Found an ancient bone altar of Kikubaaqudgha.
   316 | D        | Found a viscous altar of Jiyva.
   317 | D        | Found a hide-covered altar of Uskayaw.
   317 | D        | Found a corrupted altar of Lugonu.
   317 | D        | Found a shadowy altar of Dithmenos.
   318 | D        | Found a radiant altar of Vehumet.
   318 | D        | Found a burning altar of Makhleb.
   318 | D        | Found a white marble altar of Elyvilon.
   319 | D        | Found a sparkling altar of Nemelex Xobeh.
   319 | D        | Found a blossoming altar of Fedhas.
   321 | D        | Found an iron altar of Okawaru.
   321 | D        | Found an opulent altar of Gozag.
   321 | D        | Found a hazy altar of Hepliaklqana.
   321 | D        | Found a snail-covered altar of Cheibriados.
   321 | D        | Noticed a hornet
   321 | D        | Noticed a polar bear
   321 | D        | Noticed a polar bear
   321 | D        | Noticed a polar bear
   321 | D        | Noticed a yaktaur
   332 | D        | Became a worshipper of Warmaster Okawaru
   361 | D        | Killed a hornet
   380 | D        | Killed a polar bear
   380 | D        | Reached * piety under Okawaru
   393 | D        | Killed a yaktaur
   394 | D        | Reached skill level 5 in Invocations
   403 | D        | Noticed an iron elemental
   416 | D        | Mangled by a polar bear

Illustrated notes

Levels and vault maps discovered:
D:        the_violet_keep_of_menkaure [sprint2_stairs_cluster_1,
          sprint2_shoproom, sprint2_temple, sprint2_basic_supplies,
          sprint2_obstacle_5, sprint2_obstacle_3, sprint2_obstacle_4,
          sprint2_obstacle_6, sprint2_obstacle_7, sprint2_timed_cluster_1,
          sprint2_smallroom_cluster_1, sprint2_smallroom_final_cluster_1,
          sprint2_transparent_cluster_1, sprint2_second_timed_cluster_1,
          sprint2_sniper_area_1, sprint2_heavy_combat_area_1,
          sprint2_mutation_trap_area_1, sprint2_forest_area_1,
          sprint2_light_combat_area_1, sprint2_behind_water_1,
          sprint2_near_end_vault_1]

Skill      XL: |  1  2  3  4  5  6  7  8 |
---------------+-------------------------+-----
Fighting       | 5 7 9 10 11 | 11.7
Maces & Flails | 4 6 8 11 13 14 | 14.0
Armour         | 5 |  5.0
Shields        | 5 |  5.0
Dodging        | 4 |  4.5
Invocations    | 5 |  5.2

Action                     |  1- 3 |  4- 6 |  7- 9 || total
---------------------------+-------+-------+-------++-------
  Melee: Flail             |    15 |    35 |    89 ||   139
    Use: Potion            |     1 |       |     4 ||     5
         Scroll            |       |       |     1 ||     1
 Armour: Scale mail        |    16 |    19 |    72 ||   107
  Dodge: Dodged            |     3 |     9 |    55 ||    67
  Block: Buckler           |     1 |     5 |    30 ||    36

Table legend: (Time is in decaauts)
 A = Elapsed time spent in this place.
 B = Non-inter-level travel time spent in this place.
 C = Inter-level travel time spent in this place.
 D = Time resting spent in this place.
 E = Time spent auto-exploring this place.
 F = Levels seen in this place.
 G = Mean time per level.
                   A        B        C        D        E       F      G
               +--------+--------+--------+--------+--------+-----+--------+
         Total |    412 |    412 |      0 |    127 |      0 |   1 |  412.0 |
       Dungeon |    412 |    412 |      0 |    127 |      0 |   1 |  412.0 |
               +--------+--------+--------+--------+--------+-----+--------+

Top non-repeatable levels by time:
       D: 412 daAuts
